 Dungeon Crawl Stone Soup version 0.19.1 (webtiles) character file.

6247 Firecrotchwizard the Destroyer (level 10, -5/68 (69) HPs)
             Began as a Yellow Draconian Conjurer on Dec 12, 2016.
             Was a Believer of Vehumet.
             Slain by an orc warrior
             ... wielding a +0 glaive
              (7 damage)
             ... on level 10 of the Dungeon.
             The game lasted 00:51:29 (15059 turns).

Firecrotchwizard the Destroyer (DrCj)              Turns: 15059, Time: 00:51:30

HP:   -5/68 (69)    AC: 10    Str: 12    XL:     10   Next: 62%
MP:   3/20          EV: 15    Int: 18    God:    Vehumet [**....]
Gold: 488           SH:  0    Dex: 11    Spells: 5 memorised, 9 levels left

rFire  . . .     SeeInvis +     o - +1 quarterstaff
rCold  + . .     Gourm    .     (armour unavailable)
rNeg   . . .     Faith    .     (shield currently unavailable)
rPois  .         Spirit   .     (helmet restricted)
rElec  .         Reflect  .     v - +1 cloak
rCorr  +         Harm     .     E - +0 pair of gloves
MR     .....                    (no boots)
Stlth  ++........               (no amulet)
                                z - ring of protection from cold
                                d - ring of see invisible

@: lethally poisoned (-5 -> -10), slowed, very slow
A: spit acid, acid resistance, unfitting armour, cold-blooded, AC +7
a: Spit Acid, Renounce Religion


You were on level 10 of the Dungeon.
You worshipped Vehumet.
Vehumet was pleased with you.
You were hungry.

You visited 2 branches of the dungeon, and saw 11 of its levels.

You collected 488 gold pieces.

Inventory:

Hand Weapons
 j - a +0 spear
 o - a +1 quarterstaff (weapon)
 p - a +0 hunting sling of velocity
Missiles
 q - 168 stones (quivered)
Armour
 v - a +1 cloak (worn)
 E - a +0 pair of gloves (worn)
Jewellery
 d - a ring of see invisible (left hand)
 z - a ring of protection from cold (right hand)
 H - an uncursed ring of protection from cold
Wands
 w - a wand of iceblast (10/15)
 y - a wand of enslavement (12/24)
 C - a wand of acid (6/15)
 F - a wand of lightning (9/15)
 G - a wand of polymorph (14/24)
 L - a wand of paralysis (11/24)
Scrolls
 f - 3 scrolls of identify
 h - 2 scrolls of random uselessness
 l - 4 scrolls of amnesia
 m - 4 scrolls of remove curse
 r - 2 scrolls of teleportation
 s - a scroll of fog
 B - a scroll of enchant weapon
 I - a scroll of magic mapping {unknown}
Potions
 c - 2 potions of degeneration
 e - 6 potions of brilliance
 g - 5 potions of lignification
 i - a potion of magic {unknown}
 n - 2 potions of haste
 t - a potion of beneficial mutation {unknown}
 x - 4 potions of curing {unknown}
 A - 2 potions of agility {unknown}
 D - a potion of might {unknown}
 K - a potion of berserk rage {unknown}
Books
 a - a book of Conjurations

   Spells                             Type                      Level
   a - Magic Dart                     Conjuration                  1
   b - Searing Ray                    Conjuration                  2
   c - Dazzling Spray                 Conjuration/Hexes            3
   d - Fulminant Prism                Conjuration/Hexes            4
   e - Iskenderun's Mystic Blast      Conjuration                  4
   f - Iskenderun's Battlesphere      Conjuration/Charms           5
 u - a book of Maledictions

   Spells                             Type                      Level
   a - Corona                         Hexes                        1
   b - Ensorcelled Hibernation        Hexes/Ice                    2
   c - Confuse                        Hexes                        3
   d - Tukima's Dance                 Hexes                        3
   e - Dazzling Spray                 Conjuration/Hexes            3
Comestibles
 b - 8 bread rations
 k - 2 meat rations


   Skills:
 + Level 6.8 Dodging
 - Level 1.7 Stealth
 + Level 6.6 Spellcasting
 * Level 9.9 Conjurations
 * Level 7.2 Charms
 * Level 1.2 Fire Magic
 + Level 3.7 Evocations


You had 9 spell levels left.
You knew the following spells:

 Your Spells              Type           Power        Failure   Level  Hunger
a - Magic Dart            Conj           ####         1%          1    None
b - Searing Ray           Conj           #####.       1%          2    None
c - Iskenderun's Mystic   Conj           #####...     1%          4    ####...
d - Iskenderun's Battles  Conj/Chrm      #####...     12%         5    #####..
e - Flame Tongue          Conj/Fire      ####.        1%          1    None


Dungeon Overview and Level Annotations

Branches:
Dungeon (10/15)            Temple (1/1) D:7             Orc (0/2) D:9
   Lair: D:8-11

Altars:
Ashenzari
Cheibriados
Dithmenos
Hepliaklqana
Kikubaaqudgha
Nemelex Xobeh
Okawaru
Sif Muna
Trog
Uskayaw
Vehumet
Xom
Yredelemnul
Zin
The Shining One

Shops:
D:4 [

Annotations:
D:4 Menkaure
D:5 1 runed door
D:10 Erica


Innate Abilities, Weirdness & Mutations

You can spit globs of acid.
You are resistant to acid.
Your golden yellow scales are hard. (AC +7)
You cannot fit into any form of body armour.
You are cold-blooded and may be slowed by cold attacks.


Message History

The magic dart hits Erica.
You feel sick.
The orc wizard is no longer moving quickly.
The orc warrior hits you from afar with a glaive!
* * * LOW HITPOINT WARNING * * *
Erica closely misses you.
Casting: Magic Dart
Confirm with . or Enter, or press ? or * to list all spells.
Aiming: Magic Dart
Press: ? - help, Shift-Dir - straight line, f/p - orc warrior
Aim: an orc warrior, wielding a glaive and wearing a plate armour (severely wounded)
The magic dart hits Erica.
Erica is lightly wounded.
You feel sick. The orc warrior barely misses you.
The orc priest looks braver for a moment.
Erica hits you with a scimitar of flaming!
* * * LOW HITPOINT WARNING * * *
Erica burns you.
* * * LOW HITPOINT WARNING * * *
The orc warrior hits you from afar with a glaive!
You die...

############# .(..........#
............#
#..............#
#..............#######..
#........................
#...#######............#.#
#...#....[#o...........#..
#...#...*@@o...........#..
#...#.....#o.######....#..
#...#######..#....#....#..
#........o...'....#...<#..
#.........o..#....#....#..
#.......o....######....###
###....#+#####.............)
#......# #...#########..
#......# #...# #..


You could see Erica (invisible), an orc warrior, an orc priest, an orc wizard
and a friendly battlesphere.

Vanquished Creatures
  A hill giant (D:10)
  A troll (D:9)
  A hornet (D:7)
  A hippogriff (D:9)
  A wyvern (D:9)
  A black bear (D:9)
  2 ice beasts
  4 orc warriors
  A sky beast (D:8)
  3 phantoms
  A necrophage (D:7)
  9 centaurs
  5 ogres
  5 bullfrogs
  A water moccasin zombie (D:6)
  4 scorpions
  8 wights (D:9)
  4 killer bees (D:9)
  A howler monkey (D:9)
  2 centaur zombies
  2 crimson imps
  5 jellies
  3 orc priests
  7 hounds
  14 orc wizards
  3 centaur skeletons
  3 iguanas
  4 worker ants
  A hound skeleton (D:9)
  20 adders
  6 gnolls
  3 shadow imps
  3 oozes
  An adder skeleton (D:4)
  An adder zombie (D:7)
  4 worms
  4 dart slugs
  7 leopard geckos
  56 orcs
  A ball python (D:2)
  6 bats
  4 giant cockroaches
  7 goblins
  6 hobgoblins
  3 jackals (D:3)
  8 quokkas
  8 frilled lizards
  6 kobolds
  A leopard gecko skeleton (D:5)
  A leopard gecko zombie (D:5)
  10 rats
264 creatures vanquished.

Vanquished Creatures (others)
  A centaur skeleton (D:9)
1 creature vanquished.

Grand Total: 265 creatures vanquished

Notes
Turn   | Place    | Note
-------+----------+-------------------------------------------
     0 | D:1      | Firecrotchwizard the Draconian Conjurer began the quest for the Orb.
     0 | D:1      | Reached XP level 1. HP: 14/14 MP: 3/3
   664 | D:1      | Reached XP level 2. HP: 20/20 MP: 0/5
   720 | D:1      | Learned a level 2 spell: Searing Ray
  1377 | D:2      | Reached XP level 3. HP: 26/26 MP: 2/6
  1915 | D:2      | Reached XP level 4. HP: 33/33 MP: 5/7
  1989 | D:2      | Learned a level 4 spell: Iskenderun's Mystic Blast
  2370 | D:2      | Reached skill level 5 in Conjurations
  3106 | D:3      | Reached XP level 5. HP: 36/38 MP: 5/9
  3484 | D:3      | Found a deep blue altar of Sif Muna.
  4560 | D:4      | Found Kiadushro's Antique Armour Shoppe.
  4720 | D:4      | Reached XP level 6. HP: 45/45 MP: 5/11
  5318 | D:4      | Reached skill level 6 in Conjurations
  5698 | D:4      | Noticed Menkaure
  5896 | D:5      | Entered Level 5 of the Dungeon
  5904 | D:5      | Learned a level 5 spell: Iskenderun's Battlesphere
  5916 | D:5      | Your scales start taking on a golden yellow colour.
  5916 | D:5      | Reached XP level 7. HP: 50/50 MP: 6/12
  5947 | D:5      | Reached skill level 1 in Charms
  6607 | D:5      | Found a deep blue altar of Sif Muna.
  7091 | D:5      | Reached XP level 8. HP: 31/57 MP: 5/14
  7262 | D:5      | Reached skill level 7 in Conjurations
  7576 | D:5      | Reached skill level 5 in Dodging
  7923 | D:5      | Found a runed door.
  8561 | D:6      | Reached skill level 5 in Spellcasting
  8805 | D:6      | Found a shadowy altar of Dithmenos.
  8806 | D:6      | Found a snail-covered altar of Cheibriados.
  9525 | D:7      | Reached skill level 8 in Conjurations
  9525 | D:7      | Reached XP level 9. HP: 57/61 MP: 6/16
  9719 | D:7      | Reached skill level 5 in Charms
  9845 | D:7      | Reached skill level 1 in Evocations
 10347 | D:7      | Found a staircase to the Ecumenical Temple.
 10355 | Temple   | Entered the Ecumenical Temple
 10381 | Temple   | Became a worshipper of Vehumet
 12116 | D:8      | Reached skill level 9 in Conjurations
 12284 | D:8      | Reached * piety under Vehumet
 12284 | D:8      | Offered knowledge of Sandblast by Vehumet.
 12525 | D:9      | Reached XP level 10. HP: 68/68 MP: 2/19
 14412 | D:9      | Found a staircase to the Orcish Mines.
 14531 | D:9      | Found a glowing golden altar of the Shining One.
 14540 | D:9      | Found a basalt altar of Yredelemnul.
 14620 | D:9      | Reached ** piety under Vehumet
 14736 | D:9      | Offered knowledge of Flame Tongue by Vehumet.
 14739 | D:9      | Learned a level 1 spell: Flame Tongue
 14771 | D:9      | Noticed an angel
 14815 | D:10     | Entered Level 10 of the Dungeon
 14819 | D:10     | Noticed a hill giant
 14829 | D:10     | Killed a hill giant
 14829 | D:10     | Reached skill level 1 in Fire Magic
 15037 | D:10     | Noticed Erica
 15059 | D:10     | HP: 3/68 [Erica/scimitar of flaming (7)]
 15059 | D:10     | Slain by an orc warrior

Skill      XL: |  1  2  3  4  5  6  7  8  9 10 |
---------------+-------------------------------+-----
Dodging        | 2 3 4 5 6 |  6.8
Conjurations   | 5 6 8 9 |  9.9
Spellcasting   | 3 4 5 6 |  6.6
Charms         | 2 4 6 7 |  7.2
Evocations     | 2 3 |  3.7
Fire Magic     | 1 |  1.2
Stealth        | |  1.7

Action                   |  1- 3 |  4- 6 |  7- 9 | 10-12 || total
-------------------------+-------+-------+-------+-------++-------
Melee: Unarmed           |     8 |       |       |       ||     8
       Tailslap          |     3 |     1 |    12 |     2 ||    18
       Spear             |    29 |    21 |       |       ||    50
       Quarterstaff      |       |    16 |   123 |    14 ||   153
 Fire: Hunting sling     |       |     2 |       |       ||     2
Throw: Stone             |       |     1 |       |       ||     1
 Cast: Magic Dart        |    48 |   124 |   254 |   126 ||   552
       Searing Ray       |     3 |    19 |    22 |     3 ||    47
       Iskenderun's Myst |       |     1 |    35 |     6 ||    42
       Iskenderun's Batt |       |       |     5 |    12 ||    17
  Use: Scroll            |       |       |    14 |     1 ||    15
  Eat: Chunk             |     4 |    12 |    17 |    10 ||    43
       Pizza             |       |     1 |     1 |       ||     2
       Fruit             |       |     1 |       |       ||     1
       Beef jerky        |       |       |     3 |     1 ||     4
       Meat ration       |       |       |     1 |       ||     1
Armor: Skin              |    15 |    24 |    59 |    23 ||   121
Dodge: Dodged            |    21 |    61 |   131 |    71 ||   284
